NYP
CHICAGO (NYP) WHITE SOX @ HUDSON VALLEY RENEGADES
08/06/2049
 
TOP OF THE 1ST
Chicago (NYP) White Sox batting - Pitching for Hudson Valley Renegades : RHP Adam Householder
Pitching: RHP Adam Householder
Batting: RHB Bobby Heagle 0-0: Called Strike
0-1: Called Strike
0-2: Ball
1-2: Ball
2-2: Foul Ball, location: 2F
2-2: Ball
3-2: Foul Ball, location: 2F
3-2: Foul Ball, location: 2F
3-2: Foul Ball, location: 2F
3-2: Base on Balls
Batting: RHB Shintaro Katsumata 0-0: Ball
1-0: Ball
Bobby Heagle steals 2nd base
2-0: Called Strike
2-1: Foul Ball, location: 2F
2-2: Ball
3-2: Foul Ball, location: 2F
3-2: SINGLE (Groundball, 34D, EV 96.2 MPH)
Bobby Heagle to third
Runner from 3rd tries for Home, SAFE, throw by RF to home
Batting: LHB Anthony Mosley 0-0: Called Strike
0-1: Ball
1-1: Ball
Shintaro Katsumata steals 2nd base
2-1: Fly out, F9 (Flyball, 9S, EV 96.9 MPH)
Batting: RHB Jeremy Lewis 0-0: Called Strike
0-1: Foul Ball, location: 2F
0-2: Ball
1-2: Ball
2-2: Ground out 6-3 (Groundball, 6, EV 85.6 MPH)
Shintaro Katsumata to third
Batting: RHB Steve Byerly 0-0: Ball
1-0: Called Strike
1-1: SINGLE (Line Drive, 8LS, EV 85.6 MPH)
Shintaro Katsumata scores
Batting: RHB Sean Peake 0-0: Fly out, F9 (Flyball, 9, EV 96.9 MPH)
Top of the 1st over - 2 runs, 2 hits, 0 errors, 1 left on base; Chicago (NYP) 2 - Hudson Valley 0
BOTTOM OF THE 1ST
Hudson Valley Renegades batting - Pitching for Chicago (NYP) White Sox : LHP Phil Peterson
Pitching: LHP Phil Peterson
Batting: SHB Chris Lockart 0-0: Called Strike
0-1: Called Strike
0-2: SINGLE (Groundball, P, EV 86.2 MPH) (infield hit)
Batting: RHB Wan-ling Zhu 0-0: Ball
1-0: Foul Ball, location: 2F
1-1: Ball
2-1: Foul Ball, location: 2F
2-2: Strikes out swinging
Chris Lockart steals 2nd base
Batter strikes out.
Batting: RHB Alex Koral 0-0: Called Strike
0-1: Ball
1-1: Fly out, F8 (Flyball, 8RXD, EV 100.0 MPH)
Runner from 2nd tags up, SAFE at 3rd, no throw by CF
Batting: RHB Kunizo Yanagisawa 0-0: Foul Ball, location: 2F
0-1: Ball
1-1: Ball
2-1: Called Strike
2-2: Strikes out swinging
Bottom of the 1st over - 0 runs, 1 hit, 0 errors, 1 left on base; Chicago (NYP) 2 - Hudson Valley 0
TOP OF THE 2ND
Chicago (NYP) White Sox batting - Pitching for Hudson Valley Renegades : RHP Adam Householder
Batting: RHB Bastiaan Leenders 0-0: Ball
1-0: Ball
2-0: Foul Ball, location: 2F
2-1: Swinging Strike
2-2: Foul Ball, location: 2F
2-2: Strikes out swinging, 2-3 out at first.
Batting: RHB David Laureano 0-0: Called Strike
0-1: Foul Ball, location: 2F
0-2: SINGLE (Line Drive, 56, EV 103.8 MPH)
Batting: RHB Eduardo Calderon Balk!
David Laureano to second
0-0: Ball
1-0: Foul Ball, location: 2F
1-1: Ball
2-1: Swinging Strike
2-2: Strikes out swinging
Batting: RHB Bobby Heagle 0-0: Foul Ball, location: 2F
0-1: Called Strike
0-2: Ground out 6-3 (Groundball, 6, EV 93.8 MPH)
Top of the 2nd over - 0 runs, 1 hit, 0 errors, 1 left on base; Chicago (NYP) 2 - Hudson Valley 0
BOTTOM OF THE 2ND
Hudson Valley Renegades batting - Pitching for Chicago (NYP) White Sox : LHP Phil Peterson
Batting: LHB Jonathan Spino 0-0: Called Strike
0-1: Ground out 6-3 (Groundball, 6, EV 81.2 MPH)
Batting: RHB Jon Gonzales 0-0: Swinging Strike
0-1: Ball
1-1: Swinging Strike
1-2: Ball
2-2: Foul Ball, location: 2F
2-2: Strikes out swinging
Batting: RHB Mikey Sano 0-0: Swinging Strike
0-1: Ball
1-1: Foul Ball, location: 2F
1-2: SINGLE (Flyball, 9S, EV 99.4 MPH)
Batting: RHB Chris Glavin 0-0: Called Strike
0-1: Called Strike
0-2: Ball
Wild Pitch!
Mikey Sano to second
1-2: Ball
2-2: Ground out 6-3 (Groundball, 6, EV 81.2 MPH)
Bottom of the 2nd over - 0 runs, 1 hit, 0 errors, 1 left on base; Chicago (NYP) 2 - Hudson Valley 0
TOP OF THE 3RD
Chicago (NYP) White Sox batting - Pitching for Hudson Valley Renegades : RHP Adam Householder
Batting: RHB Shintaro Katsumata 0-0: Ball
1-0: Ball
2-0: Swinging Strike
2-1: Swinging Strike
2-2: Ball
3-2: Base on Balls
Batting: LHB Anthony Mosley 0-0: Called Strike
Shintaro Katsumata steals 2nd base
0-1: Ball
1-1: Foul Ball, location: 2F
1-2: Fly out, F8 (Flyball, 8RS, EV 92.5 MPH)
Batting: RHB Jeremy Lewis 0-0: 2-RUN HOME RUN (Flyball, 7D, EV 99.4 MPH), Distance : 386 ft
Batting: RHB Steve Byerly 0-0: Called Strike
0-1: DOUBLE (Groundball, 5L, EV 93.8 MPH)
Batting: RHB Sean Peake 0-0: Swinging Strike
0-1: Ball
1-1: Foul Ball, location: 2F
1-2: Strikes out swinging
Batting: RHB Bastiaan Leenders 0-0: Ground out 4-3 (Groundball, 34, EV 85.0 MPH)
Top of the 3rd over - 2 runs, 2 hits, 0 errors, 1 left on base; Chicago (NYP) 4 - Hudson Valley 0
BOTTOM OF THE 3RD
Hudson Valley Renegades batting - Pitching for Chicago (NYP) White Sox : LHP Phil Peterson
Batting: LHB Sean Boenig 0-0: Foul Ball, location: 2F
0-1: Ball
1-1: Ground out 6-3 (Groundball, 6M, EV 90.6 MPH)
Batting: SHB Chris Lockart 0-0: Ball
1-0: Ball
2-0: Ball
3-0: Called Strike
3-1: Foul Ball, location: 2F
3-2: Base on Balls
Batting: RHB Wan-ling Zhu 0-0: Called Strike
0-1: Ball
1-1: Ball
2-1: Called Strike
2-2: Foul Ball, location: 2F
2-2: Foul Ball, location: 2F
2-2: Strikes out looking
Batting: RHB Alex Koral 0-0: Called Strike
0-1: Ball
1-1: Ball
Chris Lockart steals 2nd base
2-1: Foul Ball, location: 2F
2-2: Foul Ball, location: 2F
2-2: Ball
3-2: Strikes out swinging
Bottom of the 3rd over - 0 runs, 0 hits, 0 errors, 1 left on base; Chicago (NYP) 4 - Hudson Valley 0
TOP OF THE 4TH
Chicago (NYP) White Sox batting - Pitching for Hudson Valley Renegades : RHP Adam Householder
Batting: RHB David Laureano 0-0: Ball
1-0: Ball
2-0: Called Strike
2-1: Ground out 5-3 (Groundball, 56, EV 103.8 MPH)
Batting: RHB Eduardo Calderon 0-0: Ball
1-0: Called Strike
1-1: Called Strike
1-2: Strikes out swinging
Batting: RHB Bobby Heagle 0-0: Fly out, F8 (Flyball, 8LS, EV 88.8 MPH)
Top of the 4th over - 0 runs, 0 hits, 0 errors, 0 left on base; Chicago (NYP) 4 - Hudson Valley 0
BOTTOM OF THE 4TH
Hudson Valley Renegades batting - Pitching for Chicago (NYP) White Sox : LHP Phil Peterson
Batting: RHB Kunizo Yanagisawa 0-0: Ball
1-0: Ball
2-0: SINGLE (Groundball, 6S, EV 67.5 MPH) (infield hit)
Batting: LHB Jonathan Spino 0-0: Called Strike
0-1: Ball
1-1: Ball
2-1: Called Strike
2-2: Ball
Wild Pitch!
Kunizo Yanagisawa to second
3-2: Foul Ball, location: 2F
3-2: Ground out 3-1 (Groundball, 34S, EV 78.8 MPH)
Kunizo Yanagisawa to third
Batting: RHB Jon Gonzales 0-0: Called Strike
0-1: Swinging Strike
0-2: Foul Ball, location: 2F
0-2: Ball
1-2: Ball
2-2: Foul Ball, location: 2F
2-2: Foul Ball, location: 2F
2-2: Foul Ball, location: 2F
2-2: Ground out 1-3 (Groundball, 13S, EV 70.0 MPH)
Batting: RHB Mikey Sano 0-0: Ball
1-0: Ground out U3 (Groundball, 34, EV 83.8 MPH)
Bottom of the 4th over - 0 runs, 1 hit, 0 errors, 1 left on base; Chicago (NYP) 4 - Hudson Valley 0
TOP OF THE 5TH
Chicago (NYP) White Sox batting - Pitching for Hudson Valley Renegades : RHP Adam Householder
Batting: RHB Shintaro Katsumata 0-0: Swinging Strike
0-1: Hit by Pitch
Batting: LHB Anthony Mosley 0-0: Ball
Shintaro Katsumata is caught stealing 2nd base 2-6
1-0: DOUBLE (Flyball, 8RXD, EV 113.1 MPH)
Batting: RHB Jeremy Lewis 0-0: Ball
1-0: Hit by Pitch
Batting: RHB Steve Byerly 0-0: Foul Ball, location: 2F
0-1: Called Strike
0-2: Foul Ball, location: 2F
0-2: Fielders Choice at 2nd, 6-4 (Groundball, 56, EV 91.2 MPH)
Anthony Mosley to third
Batting: RHB Sean Peake 0-0: Called Strike
0-1: Ball
1-1: Foul Ball, location: 2F
1-2: Strikes out swinging
Top of the 5th over - 0 runs, 1 hit, 0 errors, 2 left on base; Chicago (NYP) 4 - Hudson Valley 0
BOTTOM OF THE 5TH
Hudson Valley Renegades batting - Pitching for Chicago (NYP) White Sox : LHP Phil Peterson
Batting: RHB Chris Glavin 0-0: Ball
1-0: Swinging Strike
1-1: Swinging Strike
1-2: Strikes out looking
Batting: LHB Sean Boenig 0-0: Fly out, F9 (Flyball, 9, EV 84.4 MPH)
Batting: SHB Chris Lockart 0-0: Ball
1-0: SINGLE (Groundball, 6MD, EV 95.0 MPH)
Batting: RHB Wan-ling Zhu 0-0: Called Strike
Chris Lockart steals 2nd base
0-1: Foul Ball, location: 2F
0-2: Ball
1-2: Strikes out swinging
Bottom of the 5th over - 0 runs, 1 hit, 0 errors, 1 left on base; Chicago (NYP) 4 - Hudson Valley 0
TOP OF THE 6TH
Chicago (NYP) White Sox batting - Pitching for Hudson Valley Renegades : RHP Adam Householder
Batting: RHB Bastiaan Leenders 0-0: Called Strike
0-1: Ball
1-1: Ground out 4-3 (Groundball, 4M, EV 85.6 MPH)
Batting: RHB David Laureano 0-0: Ball
1-0: Ball
2-0: Ball
3-0: Base on Balls
Batting: RHB Eduardo Calderon 0-0: Fielders Choice at 2nd, 5-4 (Groundball, 56, EV 86.2 MPH)
Batting: RHB Bobby Heagle 0-0: Ball
1-0: Ball
2-0: Fly out, F3 (Popup, 3S, EV 80.0 MPH)
Top of the 6th over - 0 runs, 0 hits, 0 errors, 1 left on base; Chicago (NYP) 4 - Hudson Valley 0
BOTTOM OF THE 6TH
Hudson Valley Renegades batting - Pitching for Chicago (NYP) White Sox : LHP Phil Peterson
Batting: RHB Alex Koral 0-0: Called Strike
0-1: Ground out 6-3 (Groundball, 6, EV 97.5 MPH)
Pitching: RHP Antonio Ballesteros
Batting: RHB Kunizo Yanagisawa 0-0: Called Strike
0-1: Fly out, F3 (Popup, 34S, EV 77.5 MPH)
Batting: LHB Jonathan Spino 0-0: Called Strike
0-1: Foul Ball, location: 2F
0-2: Strikes out swinging
Bottom of the 6th over - 0 runs, 0 hits, 0 errors, 0 left on base; Chicago (NYP) 4 - Hudson Valley 0
TOP OF THE 7TH
Chicago (NYP) White Sox batting - Pitching for Hudson Valley Renegades : RHP Adam Householder
Batting: RHB Shintaro Katsumata 0-0: Ball
1-0: Ball
2-0: Ball
3-0: Base on Balls
Pitching: LHP Min Xue
Batting: LHB Anthony Mosley 0-0: Ball
1-0: Ground out 4-3 (Groundball, 4M, EV 90.6 MPH)
Shintaro Katsumata to second
Batting: RHB Jeremy Lewis 0-0: Called Strike
0-1: Ball
1-1: Called Strike
1-2: Ball
2-2: Ball
3-2: Base on Balls
Batting: RHB Steve Byerly 0-0: Ball
1-0: Swinging Strike
1-1: Foul Ball, location: 2F
1-2: Ball
2-2: Ball
3-2: Base on Balls
Shintaro Katsumata to third
Jeremy Lewis to second
Batting: RHB Sean Peake 0-0: Called Strike
0-1: Called Strike
0-2: Foul Ball, location: 2F
0-2: Ball
1-2: Strikes out swinging
Batting: RHB Bastiaan Leenders 0-0: Ball
1-0: Ball
2-0: Ball
3-0: Called Strike
3-1: Base on Balls
Shintaro Katsumata scores
Jeremy Lewis to third
Steve Byerly to second
Batting: RHB David Laureano 0-0: Ball
1-0: Fielders Choice at 2nd, 5-4 (Groundball, 56, EV 98.1 MPH)
Top of the 7th over - 1 run, 0 hits, 0 errors, 3 left on base; Chicago (NYP) 5 - Hudson Valley 0
BOTTOM OF THE 7TH
Hudson Valley Renegades batting - Pitching for Chicago (NYP) White Sox : RHP Antonio Ballesteros
Batting: RHB Jon Gonzales 0-0: Foul Ball, location: 2F
0-1: Ball
1-1: Ball
2-1: Called Strike
2-2: Strikes out swinging, 2-3 out at first.
Batting: RHB Mikey Sano 0-0: Ball
1-0: Ball
2-0: Called Strike
2-1: Foul Ball, location: 2F
2-2: Ball
3-2: Foul Ball, location: 2F
3-2: SINGLE (Groundball, 6MD, EV 105.0 MPH)
Batting: RHB Chris Glavin 0-0: Ball
1-0: Called Strike
1-1: Reached on error, E3 (Line Drive, 3L, EV 68.8 MPH)
Mikey Sano to second
Batting: LHB Sean Boenig 0-0: Foul Ball, location: 2F
0-1: Foul Ball, location: 2F
0-2: Strikes out swinging
Batting: SHB Chris Lockart 0-0: Fielders Choice at 2nd, 6-4 (Groundball, 6, EV 96.9 MPH)
Bottom of the 7th over - 0 runs, 1 hit, 1 error, 2 left on base; Chicago (NYP) 5 - Hudson Valley 0
TOP OF THE 8TH
Chicago (NYP) White Sox batting - Pitching for Hudson Valley Renegades : LHP Min Xue
Batting: RHB Eduardo Calderon 0-0: Called Strike
0-1: Ball
1-1: Ball
2-1: Ball
3-1: Base on Balls
Pitching: RHP Bobby Valenzuela
Batting: RHB Bobby Heagle 0-0: Ball
1-0: Ball
2-0: Single, Error in OF, E7, batter to second base (Groundball, 56D, EV 95.0 MPH)
Eduardo Calderon to third
Batting: RHB Shintaro Katsumata 0-0: Called Strike
0-1: Ball
1-1: Ball
2-1: SINGLE (Groundball, 34D, EV 83.1 MPH) (infield hit)
Eduardo Calderon scores
Bobby Heagle to third
Batting: LHB Anthony Mosley 0-0: Ball
Shintaro Katsumata steals 2nd base
1-0: Fly out, F7 (Flyball, 7LS, EV 80.0 MPH)
Batting: RHB Jeremy Lewis 0-0: Called Strike
0-1: Hit by Pitch
Batting: RHB Steve Byerly 0-0: Ball
1-0: Ball
2-0: Called Strike
2-1: Foul Ball, location: 2F
2-2: Strikes out swinging
Batting: RHB Sean Peake 0-0: Fly out, F4 (Popup, 34, EV 74.4 MPH)
Top of the 8th over - 1 run, 2 hits, 1 error, 3 left on base; Chicago (NYP) 6 - Hudson Valley 0
BOTTOM OF THE 8TH
Hudson Valley Renegades batting - Pitching for Chicago (NYP) White Sox : RHP Antonio Ballesteros
Batting: RHB Wan-ling Zhu 0-0: Called Strike
0-1: Ball
1-1: Swinging Strike
1-2: Foul Ball, location: 2F
1-2: Ball
2-2: Strikes out swinging
Batting: RHB Alex Koral 0-0: Called Strike
0-1: Ball
1-1: Foul Ball, location: 2F
1-2: Foul Ball, location: 2F
1-2: Foul Ball, location: 2F
1-2: Ground out 5-3 (Groundball, 56S, EV 84.4 MPH)
Batting: RHB Kunizo Yanagisawa 0-0: Ball
1-0: Called Strike
1-1: Ball
2-1: Foul Ball, location: 2F
2-2: Strikes out swinging
Bottom of the 8th over - 0 runs, 0 hits, 0 errors, 0 left on base; Chicago (NYP) 6 - Hudson Valley 0
TOP OF THE 9TH
Chicago (NYP) White Sox batting - Pitching for Hudson Valley Renegades : RHP Bobby Valenzuela
Batting: RHB Bastiaan Leenders 0-0: Ball
1-0: Ball
2-0: Foul Ball, location: 2F
2-1: Foul Ball, location: 2F
2-2: SINGLE (Groundball, 6MD, EV 94.4 MPH)
Pitching: LHP John Schmidt
Batting: RHB David Laureano 0-0: Grounds into double play, 6-4-3 (Groundball, 6, EV 80.0 MPH)
Batting: RHB Eduardo Calderon 0-0: Foul Ball, location: 2F
0-1: Ball
1-1: TRIPLE (Flyball, 9LD, EV 111.9 MPH)
Batting: RHB Bobby Heagle 0-0: Ball
1-0: Fly out, F9 (Flyball, 89M, EV 83.8 MPH)
Top of the 9th over - 0 runs, 2 hits, 0 errors, 1 left on base; Chicago (NYP) 6 - Hudson Valley 0
BOTTOM OF THE 9TH
Hudson Valley Renegades batting - Pitching for Chicago (NYP) White Sox : RHP Antonio Ballesteros
Batting: LHB Jonathan Spino 0-0: SINGLE (Groundball, 6M, EV 100.6 MPH)
Batting: RHB Jon Gonzales 0-0: Fly out, F8 (Flyball, 8RM, EV 92.5 MPH)
Batting: RHB Mikey Sano 0-0: Called Strike
0-1: Ball
1-1: Called Strike
1-2: Ball
2-2: Foul Ball, location: 2F
2-2: Foul Ball, location: 2F
2-2: Strikes out swinging
Pinch Hitting: SHB Joshua Jackson 0-0: Called Strike
0-1: Swinging Strike
0-2: Strikes out swinging, 2-3 out at first.
Bottom of the 9th over - 0 runs, 1 hit, 0 errors, 1 left on base; Chicago (NYP) 6 - Hudson Valley 0
Sunday, July 16th , 2023 - OOTP Baseball 24.6 Build 69